 Dungeon Crawl Stone Soup version 0.29.1-15-g9cfb28693d (webtiles) character file.

Game seed: 4436434346760692049

230 ChrisAssaf the Sneak (level 5, 0/39 (41) HPs)
             Began as a Draconian Enchanter on Apr 30, 2023.
             Was a Priest of Jiyva.
             Slain by a wight
             ... wielding a +3 scimitar
              (2 damage)
             ... on level 5 of the Dungeon.
             The game lasted 00:07:16 (2287 turns).

ChrisAssaf the Sneak (Draconian Enchanter)          Turns: 2287, Time: 00:07:18

HP:   0/39 (41)     AC:  5    Str: 10    XL:     5   Next: 72%
MP:   5/9           EV: 12    Int: 24    God:    Jiyva [***...]
Gold: 125           SH:  0    Dex: 11    Spells: 2/9 levels left

rFire   . . .      SeeInvis .   a - +1 dagger
rCold   . . .      Faith    .   (no shield)
rNeg    . . .      Spirit   .   (body armour unavailable)
rPois   +          Reflect  .   (helmet restricted)
rElec   .          Harm     .   (no cloak)
rCorr   +          Rampage  .   (no gloves)
Will    .....                   (no boots)
Stlth   ++........              (no amulet)
HPRegen 1.25/turn               l - +6 ring of intelligence
MPRegen 0.46/turn               n - ring of poison resistance

@: lightly drained
A: AC +5, unfitting armour, cold-blooded
a: Renounce Religion, Oozemancy


You were on level 5 of the Dungeon.
You worshipped Jiyva.
Jiyva was most pleased with you.
You visited 1 branch of the dungeon, and saw 4 of its levels.

You collected 125 gold pieces.

Inventory:

Hand Weapons
 a - a +1 dagger (weapon)
Jewellery
 l - a +6 ring of intelligence (left hand)
 n - a ring of poison resistance (right hand)
 o - a ring of fire
Scrolls
 c - a scroll of magic mapping {unknown}
 f - 2 scrolls of fear {unknown}
 h - 4 scrolls of identify {unknown}
 i - a scroll of teleportation {unknown}
 k - a scroll of enchant weapon {unknown}
Potions
 b - a potion of invisibility
 d - 3 potions of attraction {unknown}
 e - a potion of resistance {unknown}
 g - a potion of haste {unknown}
 j - a potion of mutation {unknown}
 m - 2 potions of berserk rage {unknown}


   Skills:
 * Level 1.9 Fighting
 * Level 2.1 Short Blades
 * Level 2.2 Dodging
 * Level 3.9 Stealth
 * Level 2.9 Spellcasting
 * Level 3.3 Hexes
 * Level 1.4 Ice Magic


You had 2 spell levels left.
You knew the following spells:

 Your Spells              Type           Power      Damage    Failure   Level
a - Ensorcelled Hibernat  Hex/Ice        30%        N/A       6%          2
b - Tukima's Dance        Hex            19%        N/A       9%          3
c - Scorch                Fire           6%         2d5       16%         2

Your spell library contained the following spells:

 Spells                   Type           Power      Damage    Failure   Level
 Confusing Touch          Hex            19%        N/A       9%          3
 Dazzling Flash           Conj/Hex       22%        N/A       16%         3
 Flame Wave               Conj/Fire      3%         2d5       71%         4
 Summon Cactus Giant      Summ           1%         N/A       100%        6


Dungeon Overview and Level Annotations

Branches:
Dungeon (3/15)

Altars:
Jiyva


Innate Abilities, Weirdness & Mutations

Your plain brown scales are hard. (AC +5)
You cannot fit into any form of body armour.
You are cold-blooded and may be slowed by cold attacks.


Message History

Casting: Tukima's Dance (dangerous; 9% risk of failure)
Confirm with . or Enter, or press ? or * to list all spells.
Flames lash the wight but do no damage.
The wight hits you with a +0 falchion!
Casting: Scorch (safe; 17% risk of failure)
Confirm with . or Enter, or press ? or * to list all spells.
Flames lash the wight but do no damage.
The wight hits you with a +0 falchion.
Unknown command.
Casting: Scorch (safe; 17% risk of failure)
Confirm with . or Enter, or press ? or * to list all spells.
Flames lash the wight.
The wight is heavily damaged.
The wight's fire resistance burns away.
The wight hits you with a +0 falchion!
You feel drained.
Unknown command.
Casting: Scorch (safe; 17% risk of failure)
Confirm with . or Enter, or press ? or * to list all spells.
Flames lash the wight.
The wight is burned terribly!
The wight is almost destroyed.
The wight barely misses you.
You hit the wight.
The wight is almost destroyed.
The wight closely misses you.
You hit the wight.
You destroy the wight!
Your life force feels restored.
The wight attacks as you move away! The wight misses you.
The wight throws a stone.
The stone hits you. The wight attacks as you move away!
The wight hits you with a +3 scimitar!
You feel drained.
* * * LOW HITPOINT WARNING * * *
Okay, then.
Found 12 gold pieces.
The wight hits you with a +3 scimitar!
* * * LOW HITPOINT WARNING * * *
Activating: Oozemancy (19% risk of failure)
Press: ? - help, Dir - look around, f - activate You can't see that place.
You fail to use your ability.
The wight hits you with a +3 scimitar.
* * * LOW HITPOINT WARNING * * *
You feel drained.
You die...

..+########+.#
.....).......##
....#...)...).#
..[...........#
#####.........#
#........z# #.........#
####.
#####.........####...$..
..............zz@...#
......###'####.####.#
......# #.# #.# ......#
#.# #.# ......# #.# #.#
......# #.# ..# ......#
#.# ### ##.#### #.# #.#
#.#


You could see 2 wights.

Vanquished Creatures
  A black bear (D:5)
  A wight (D:5)
  Robin (D:3)
  3 adders (D:3)
  A white imp (D:5)
  A dart slug (D:5)
  An orc (D:3)
  2 ball pythons (D:1)
  3 giant cockroaches
  10 goblins
  6 hobgoblins
  A quokka (D:1)
  4 bats
  4 kobolds
  4 rats
43 creatures vanquished.

Vanquished Creatures (others)
  2 adders (D:2)
  A ball python (D:2)
  2 bats
  A goblin (D:2)
  A hobgoblin (D:3)
  A kobold (D:3)
  4 rats
12 creatures vanquished.

Grand Total: 55 creatures vanquished

Notes
Turn   | Place    | Note
-------+----------+-------------------------------------------
     0 | D:1      | ChrisAssaf the Draconian Enchanter began the quest for the
                  | Orb.
     0 | D:1      | Reached XP level 1. HP: 14/14 MP: 3/3
   440 | D:1      | Found a faded altar of an unknown god.
   452 | D:1      | Reached XP level 2. HP: 22/22 MP: 5/5
   455 | D:1      | Learned a level 2 spell: Ensorcelled Hibernation
   469 | D:1      | Prayed at the altar of an unknown god.
   469 | D:1      | Became a worshipper of Jiyva Jaoxtiv the Shapeless
   469 | D:1      | Reached * piety under Jiyva
  1026 | D:2      | Reached ** piety under Jiyva
  1498 | D:2      | Reached skill level 1 in Fighting
  1645 | D:3      | Reached XP level 3. HP: 28/28 MP: 2/6
  1649 | D:3      | Learned a level 3 spell: Tukima's Dance
  1721 | D:3      | Identified the +1 helmet of Norumar {rPois Will+ Str+4
                  | Int+4}
  1721 | D:3      | Noticed Robin
  1817 | D:3      | Killed Robin
  1818 | D:3      | Reached XP level 4. HP: 35/35 MP: 2/7
  1891 | D:3      | Reached *** piety under Jiyva
  2041 | D:3      | You fall into a shaft and drop 2 floors!
  2041 | D:5      | Entered Level 5 of the Dungeon
  2145 | D:5      | Noticed a black bear
  2171 | D:5      | Killed a black bear
  2172 | D:5      | Reached skill level 1 in Ice Magic
  2172 | D:5      | Reached XP level 5. HP: 14/41 MP: 1/9
  2194 | D:5      | Learned a level 2 spell: Scorch
  2287 | D:5      | HP: 2/40 [wight/+3 scimitar (6)]
  2287 | D:5      | Slain by a wight

Illustrated notes

Levels and vault maps discovered:
D:1:      roderic_crossed_star, layout_basic, ebering_ecumenical_altar_webs,
          chequers_jeans
D:2:      layout_basic
D:3:      layout_basic, corexii_item_surrounded_by_moat,
          lexackson_kobold_supper, uniq_robin
D:5:      layout_basic, jmf_multi_god_temple, minmay_temple_entry_poolview,
          item_on_display_a

Skill      XL: |  1  2  3  4 |
---------------+-------------+-----
Stealth        | 3 |  3.9
Fighting       | 1 |  1.9
Hexes          | 3 |  3.3
Short Blades   | 2 |  2.1
Dodging        | 2 |  2.2
Ice Magic      | 1 |  1.4
Spellcasting   | |  2.9

Action                   |  1- 3 |  4- 6 || total
-------------------------+-------+-------++-------
Melee: Dagger            |   114 |    10 ||   124
       Tailslap          |    13 |     2 ||    15
       Punch             |     1 |       ||     1
 Cast: Ensorcelled Hiber |    25 |    13 ||    38
       Tukima's Dance    |     2 |     1 ||     3
       Scorch            |       |     4 ||     4
  Use: Potion            |       |     1 ||     1
 Stab: Sleeping          |    18 |     6 ||    24
Armor: Skin              |    43 |     9 ||    52
Dodge: Dodged            |    62 |    15 ||    77
